 Dungeon Sprint DCSS version 0.17-a0-1741-gd5e8965 (webtiles) character file.

15400000 ztt the Plane Walker (level 27, 0/273 HPs)
             Began as a Ghoul Warper on Aug 31, 2015.
             Was the Champion of Makhleb.
             Slain by a meat berserker
             ... wielding a +9 battleaxe
              (71 damage)
             ... in the Dungeon (Sprint VIII: "Arena of Blood").
             The game lasted 00:02:44 (154 turns).

ztt the Plane Walker (Ghoul Warper)                  Turns: 154, Time: 00:02:44

Health: 0/273      AC:  6    Str: 19    XL:     27
Magic:  45/53      EV: 32    Int:  8    God:    Makhleb [******]
Gold:   0          SH:  0    Dex: 17    Spells: 1 memorised, 79 levels left

rFire  . . .     SeeInvis +     l - +∞ Axe of Woe
rCold  + . .     Clarity  .     b - +0 leather armour
rNeg   + + +     SustAt   .     (no shield)
rPois  ∞         Gourm    .     (no helmet)
rElec  .         Spirit   .     (no cloak)
rCorr  .         Warding  .     (no gloves)
rMut   .         NoTele   +     (no boots)
MR     ++...                    (no amulet)
Stlth  +++++++++.               (no ring)
                                m - ring of see invisible

@: rotting, slowed, very slow, very resistant to hostile enchantments,
incredibly stealthy
A: rotting body, claws 1, carnivore 3, cold resistance 1, negative energy
resistance 3, slow healing 1, torment resistance, unbreathing
a: Minor Destruction, Lesser Servant of Makhleb, Major Destruction, Greater
Servant of Makhleb, Renounce Religion


You were in the Dungeon.
You worshipped Makhleb.
Makhleb was exalted by your worship.
You were not hungry.

You visited 1 branch

Inventory:

Hand weapons
 a - a +0 hand axe
 l - the +∞ Axe of Woe (weapon)
   (You found it in the Dungeon)
Missiles
 e - 5 tomahawks of dispersal (quivered)
Armour
 b - a +0 leather armour (worn)
Jewellery
 m - a ring of see invisible (left claw)
Scrolls
 d - a scroll of blinking
Potions
 g - a potion of curing
 h - a potion of heal wounds
 i - a potion of haste
 j - 2 potions of magic
 k - a potion of berserk rage
Books
 c - a book of Spatial Translocations

   Spells                             Type                      Level
   a - Apportation                    Translocation                1
   b - Blink                          Translocation                2
   c - Shroud of Golubria             Charms/Translocation         2
   d - Portal Projectile              Translocation                3
   e - Teleport Other                 Translocation                3
   f - Passage of Golubria            Translocation                4
Comestibles
 f - a meat ration


   Skills:
 O Level 27 Fighting
 O Level 27 Axes
 O Level 27 Throwing
 O Level 27 Armour
 O Level 27 Dodging
 O Level 27 Stealth
 O Level 27 Unarmed Combat
 O Level 27 Spellcasting
 O Level 27 Translocations
 O Level 27 Invocations


You had 79 spell levels left.
You knew the following spells:

 Your Spells              Type           Power        Failure   Level  Hunger
a - Apportation           Tloc           ######....   0%          1    None


Dungeon Overview and Level Annotations

Branches:
Dungeon (1/1)

Altars:
Makhleb


Innate Abilities, Weirdness & Mutations

Your body is rotting away.
You thrive on raw meat.
You are immune to poison.
You have sharp fingernails.
You are carnivorous and can eat meat at any time.
Your flesh is cold resistant.
You are immune to negative energy.
You heal slowly when monsters are visible.
You are immune to unholy pain and torment.
You can survive without breathing.


Message History

Items here: ))))) ===== †††† You hear a shout! x11
A meat berserker comes into view. It is wielding a +9 battleaxe.
Items here: )))))))) ======== You hear a shout! x9
The meat berserker moves out of view.
You hear a shout! x6
The scourge appears out of thin air!
A scourge comes into view.
You hear a shout! x5
Items here: )))))) ====== † You hear a shout! x20
Items here: )))) ==== †† Unknown command.
You hear a shout! x8
The sculptor of flesh hits you with a +9 great sword!!!!!
Ouch! That really hurt!
* * * LOW HITPOINT WARNING * * *
The meat berserker hits you with a +9 battleaxe!!!
You die...

#.......... ... ...#..
#.............. ...#..
#.........#.... ....%.
#........#.#.#......%.
#.S ......#.#......%..
#..###...#.#.#........
#...)##)).#.#.....#...
#..)))#)............X.
#...)@OO##.......##%#.
####z...)##).........)
####)).)..####....#
####......).....
####.O)......
####...... #######


You could see a scourge (wandering), a sculptor of flesh and 2 meat berserkers.

Vanquished Creatures
  2 hell knights (D)
  2 hell beasts (D)
  5 greater mummies (D)
  2 great orbs of eyes (D)
  2 wraiths (D)
  Harold (D)
  9 vampire knights (D)
  16 ogres (D)
  3 liches (D)
  2 hydras (D)
  64 orcs (D)
  2 phantoms (D)
  4 hill giants (D)
  A skeletal warrior (D)
  A sea snake (D)
  3 large abominations (D)
  2 crawling corpses (D)
121 creatures vanquished.

Notes
Turn   | Place    | Note
--------------------------------------------------------------
     0 | D        | ztt the Ghoul Warper began the quest for the Orb.
     0 | D        | Reached XP level 1. HP: 17/17 MP: 2/2
     3 | D        | Noticed a bag of meat
     3 | D        | Noticed a bag of meat
     4 | D        | Noticed a bag of meat
     4 | D        | Became a worshipper of Makhleb the Destroyer
     5 | D        | Noticed a bag of meat
     6 | D        | Noticed a bag of meat
     6 | D        | Noticed a bag of meat
     6 | D        | Noticed a bag of meat
     7 | D        | Noticed a bag of meat
     7 | D        | Killed a bag of meat
     7 | D        | Reached skill level 11 in Fighting
     7 | D        | Reached skill level 10 in Axes
     7 | D        | Reached skill level 10 in Spellcasting
     7 | D        | Reached skill level 17 in Translocations
     7 | D        | Reached XP level 2. HP: 20/40 MP: 2/12
     7 | D        | Reached XP level 3. HP: 23/47 MP: 2/13
     7 | D        | Reached XP level 4. HP: 26/55 MP: 2/15
     7 | D        | Reached XP level 5. HP: 28/61 MP: 2/16
     7 | D        | Reached XP level 6. HP: 31/68 MP: 2/18
     7 | D        | Reached XP level 7. HP: 33/74 MP: 2/19
     7 | D        | Reached XP level 8. HP: 36/82 MP: 2/21
     7 | D        | Reached XP level 9. HP: 39/89 MP: 2/22
     7 | D        | Reached XP level 10. HP: 42/96 MP: 2/23
     7 | D        | Reached XP level 11. HP: 44/102 MP: 2/24
     7 | D        | Reached XP level 12. HP: 47/110 MP: 2/25
     8 | D        | Noticed a bag of meat
     8 | D        | Noticed a bag of meat
     8 | D        | Killed a bag of meat
     8 | D        | Acquired Makhleb's first power
     8 | D        | Reached skill level 20 in Translocations
     8 | D        | Reached XP level 13. HP: 75/119 MP: 2/27
     8 | D        | Killed a bag of meat
     8 | D        | Reached skill level 5 in Armour
     8 | D        | Reached skill level 21 in Translocations
     8 | D        | Reached XP level 14. HP: 79/130 MP: 2/29
     9 | D        | Noticed a bag of meat
     9 | D        | Noticed a bag of meat
     9 | D        | Killed a bag of meat
     9 | D        | Acquired Makhleb's second power
     9 | D        | Reached skill level 22 in Translocations
     9 | D        | Killed a bag of meat
     9 | D        | Reached skill level 15 in Fighting
     9 | D        | Reached skill level 23 in Translocations
     9 | D        | Reached XP level 15. HP: 139/143 MP: 2/32
     9 | D        | Killed a bag of meat
     9 | D        | Acquired Makhleb's third power
     9 | D        | Reached skill level 15 in Axes
     9 | D        | Reached skill level 5 in Throwing
     9 | D        | Reached skill level 15 in Spellcasting
     9 | D        | Reached skill level 24 in Translocations
    10 | D        | Noticed a bag of meat
    10 | D        | Noticed a bag of meat
    10 | D        | Killed a bag of meat
    10 | D        | Reached skill level 25 in Translocations
    10 | D        | Reached XP level 16. HP: 152/155 MP: 3/34
    11 | D        | Noticed a bag of meat
    11 | D        | Noticed a meat berserker
    12 | D        | Noticed a bag of meat
    12 | D        | Killed a bag of meat
    12 | D        | Reached skill level 15 in Dodging
    12 | D        | Reached skill level 26 in Translocations
    12 | D        | Killed a bag of meat
    12 | D        | Acquired Makhleb's fourth power
    12 | D        | Reached skill level 27 in Translocations
    13 | D        | Killed a bag of meat
    13 | D        | Reached XP level 17. HP: 140/169 MP: 3/37
    14 | D        | Noticed a bag of meat
    14 | D        | Noticed a bag of meat
    14 | D        | Killed a meat berserker
    14 | D        | Reached skill level 10 in Armour
    14 | D        | Killed a bag of meat
    14 | D        | Acquired Makhleb's fifth power
    14 | D        | Reached XP level 18. HP: 180/184 MP: 4/40
    14 | D        | Killed a bag of meat
    15 | D        | Killed a bag of meat
    15 | D        | Killed a bag of meat
    16 | D        | Killed a bag of meat
    16 | D        | Reached XP level 19. HP: 198/201 MP: 4/43
    17 | D        | Noticed a bag of meat
    17 | D        | Killed a bag of meat
    18 | D        | Killed a bag of meat
    19 | D        | Noticed a bag of meat
    19 | D        | Noticed a bag of meat
    20 | D        | Noticed a meat berserker
    20 | D        | Noticed a bag of meat
    20 | D        | Noticed a bag of meat
    20 | D        | Noticed a large bag of meat
    20 | D        | Noticed a large bag of meat
    21 | D        | Noticed a bag of meat
    23 | D        | Noticed a bag of meat
    24 | D        | Noticed a destroyer
    25 | D        | Noticed a bag of meat
    25 | D        | Killed a bag of meat
    25 | D        | Reached skill level 27 in Axes
    26 | D        | Noticed a bag of meat
    26 | D        | Killed a meat berserker
    26 | D        | Reached skill level 27 in Fighting
    26 | D        | Reached skill level 10 in Throwing
    26 | D        | Reached XP level 20. HP: 205/216 MP: 7/47
    26 | D        | Killed a bag of meat
    26 | D        | Reached skill level 15 in Armour
    27 | D        | Noticed a bag of meat
    28 | D        | Killed a bag of meat
    28 | D        | Killed a bag of meat
    28 | D        | Killed a bag of meat
    28 | D        | Reached skill level 27 in Dodging
    28 | D        | Reached skill level 27 in Spellcasting
    29 | D        | Noticed a meat berserker
    29 | D        | Noticed an eight-headed meat hydra
    30 | D        | Killed a destroyer
    30 | D        | Reached skill level 15 in Throwing
    30 | D        | Reached XP level 21. HP: 88/224 MP: 8/51
    30 | D        | Killed a bag of meat
    30 | D        | Killed a bag of meat
    30 | D        | Reached skill level 27 in Armour
    30 | D        | Killed a bag of meat
    30 | D        | Reached XP level 22. HP: 173/233 MP: 8/52
    31 | D        | Killed a bag of meat
    32 | D        | Killed a bag of meat
    32 | D        | Killed a nine-headed meat hydra
    32 | D        | Reached skill level 27 in Throwing
    32 | D        | Killed a large bag of meat
    33 | D        | Noticed a bag of meat
    34 | D        | Noticed a bag of meat
    34 | D        | Killed a meat berserker
    34 | D        | Reached skill level 15 in Unarmed Combat
    34 | D        | Reached skill level 15 in Invocations
    34 | D        | Reached XP level 23. HP: 240/240 MP: 9/53
    35 | D        | Noticed a bag of meat
    36 | D        | Noticed a destroyer
    36 | D        | Killed a large bag of meat
    37 | D        | Killed a bag of meat
    38 | D        | Killed a destroyer
    38 | D        | Killed a bag of meat
    39 | D        | Noticed a bag of meat
    39 | D        | Noticed a destroyer
    40 | D        | Noticed a bag of meat
    40 | D        | Killed a bag of meat
    40 | D        | Reached XP level 24. HP: 249/249 MP: 9/53
    42 | D        | Killed a bag of meat
    42 | D        | Reached skill level 27 in Stealth
    44 | D        | Noticed a destroyer
    45 | D        | Noticed a destroyer
    46 | D        | Noticed an accursed
    46 | D        | Killed a destroyer
    46 | D        | Reached skill level 27 in Unarmed Combat
    46 | D        | Reached skill level 27 in Invocations
    47 | D        | Killed a destroyer
    48 | D        | Killed a bag of meat
    48 | D        | Reached XP level 25. HP: 257/257 MP: 11/53
    49 | D        | Noticed a tyrant
    49 | D        | Killed an accursed
    49 | D        | Killed a bag of meat
    52 | D        | Noticed a meat berserker
    56 | D        | Noticed an accursed
    56 | D        | Killed a destroyer
    56 | D        | Reached XP level 26. HP: 91/266 MP: 14/53
    59 | D        | Killed a meat berserker
    60 | D        | Killed an accursed
    60 | D        | Reached XP level 27. HP: 205/273 MP: 15/53
    61 | D        | Noticed a bag of meat
    62 | D        | Noticed a bag of meat
    62 | D        | Noticed a bag of meat
    62 | D        | Noticed a bag of meat
    62 | D        | Noticed a bag of meat
    63 | D        | Noticed a bag of meat
    63 | D        | Noticed a meat berserker
    63 | D        | Noticed a bag of meat
    63 | D        | Noticed a bag of meat
    63 | D        | Noticed a bag of meat
    63 | D        | Noticed a bag of meat
    63 | D        | Noticed a meat berserker
    64 | D        | Noticed a bag of meat
    64 | D        | Noticed a bag of meat
    64 | D        | Noticed a bag of meat
    64 | D        | Noticed a meat beast
    64 | D        | Noticed a bag of meat
    64 | D        | Noticed a large bag of meat
    65 | D        | Noticed a bag of meat
    65 | D        | Noticed a meat berserker
    65 | D        | Noticed a large bag of meat
    65 | D        | Noticed a meat berserker
    65 | D        | Killed a meat berserker
    66 | D        | Noticed a bag of meat
    66 | D        | Noticed a meat berserker
    66 | D        | Noticed a meat berserker
    66 | D        | Noticed The Servant
    67 | D        | Noticed a bag of meat
    67 | D        | Noticed a bag of meat
    67 | D        | Noticed a destroyer
    68 | D        | Noticed a bag of meat
    68 | D        | Killed a bag of meat
    68 | D        | Killed a meat beast
    69 | D        | Noticed a bag of meat
    70 | D        | Killed a meat berserker
    70 | D        | Killed a meat berserker
    71 | D        | Noticed a bag of meat
    71 | D        | Killed a meat berserker
    71 | D        | Killed a meat berserker
    71 | D        | Killed a tyrant
    72 | D        | Killed a meat berserker
    73 | D        | Noticed a meat berserker
    73 | D        | Killed a bag of meat
    73 | D        | Killed a bag of meat
    73 | D        | Killed a destroyer
    74 | D        | Killed a bag of meat
    75 | D        | Noticed a bag of meat
    75 | D        | Noticed a destroyer
    76 | D        | Noticed a bag of meat
    76 | D        | Killed a bag of meat
    76 | D        | Killed a large bag of meat
    77 | D        | Noticed a meat beast
    78 | D        | Killed a bag of meat
    78 | D        | Killed a bag of meat
    79 | D        | Killed a bag of meat
    79 | D        | Killed a large bag of meat
    79 | D        | Killed a bag of meat
    81 | D        | Killed The Servant
    81 | D        | Killed a bag of meat
    82 | D        | Killed a meat beast
    83 | D        | Killed a bag of meat
    83 | D        | Killed a bag of meat
    84 | D        | Killed a bag of meat
    85 | D        | Killed a destroyer
    87 | D        | Killed a bag of meat
    90 | D        | Noticed a tyrant
    91 | D        | Killed a bag of meat
    92 | D        | Noticed a bag of meat
    92 | D        | Noticed a meat berserker
    92 | D        | Noticed a dread
    93 | D        | Noticed a bag of meat
    93 | D        | Noticed a bag of meat
    93 | D        | Noticed a bag of meat
    93 | D        | Noticed a wretched soul
    93 | D        | Noticed a sculptor of flesh
    93 | D        | Noticed a destroyer
    93 | D        | Noticed an accursed
    94 | D        | Noticed a meat berserker
    94 | D        | Noticed a bag of meat
    94 | D        | Noticed a meat berserker
    94 | D        | Noticed an observer
    94 | D        | Killed a bag of meat
    94 | D        | Killed a tyrant
    96 | D        | Noticed an accursed
    98 | D        | Killed an accursed
    98 | D        | Killed a bag of meat
   100 | D        | Noticed an accursed
   100 | D        | Noticed a bag of meat
   100 | D        | Noticed a wretched soul
   100 | D        | Noticed an observer
   101 | D        | Killed a meat berserker
   101 | D        | Killed a dread
   102 | D        | Killed a bag of meat
   103 | D        | Killed a meat berserker
   104 | D        | Killed a bag of meat
   104 | D        | Killed a bag of meat
   105 | D        | Killed a bag of meat
   105 | D        | Killed an accursed
   106 | D        | Killed a meat berserker
   107 | D        | Killed a bag of meat
   107 | D        | Killed a bag of meat
   108 | D        | Noticed a meat berserker
   109 | D        | Noticed a dread
   109 | D        | Killed a bag of meat
   109 | D        | Killed an observer
   109 | D        | Killed a wretched soul
   110 | D        | Noticed a tyrant
   110 | D        | Killed a meat berserker
   110 | D        | Killed a sculptor of flesh
   110 | D        | Noticed a bag of meat
   111 | D        | Killed a bag of meat
   112 | D        | Killed an observer
   113 | D        | Killed a bag of meat
   114 | D        | Killed a destroyer
   115 | D        | Killed a bag of meat
   115 | D        | Killed a bag of meat
   116 | D        | Killed a wretched soul
   116 | D        | Killed a meat berserker
   117 | D        | Noticed a bag of meat
   117 | D        | Noticed a destroyer
   120 | D        | Noticed a meat berserker
   120 | D        | Killed a bag of meat
   123 | D        | Killed a tyrant
   125 | D        | Killed a meat berserker
   127 | D        | Killed a dread
   129 | D        | Noticed a fleshlord
   129 | D        | Killed a fleshlord
   129 | D        | Killed an accursed
   131 | D        | Noticed a fleshlord
   132 | D        | Noticed a bag of meat
   134 | D        | Killed a bag of meat
   135 | D        | Killed a destroyer
   135 | D        | Killed a fleshlord
   139 | D        | Killed a bag of meat
   147 | D        | Noticed an observer
   149 | D        | Noticed a sculptor of flesh
   151 | D        | Noticed a meat berserker
   152 | D        | Noticed a meat berserker
   154 | D        | Slain by a meat berserker

Vault maps used:
D:        meatsprint

Action                   |  1- 3 |  4- 6 |  7- 9 | 10-12 | 13-15 | 16-18 | 19-21 | 22-24 | 25-27 || total
-------------------------+-------+-------+-------+-------+-------+-------+-------+-------+-------++-------
Melee: Executioner's axe |     1 |       |       |     1 |     2 |     5 |     6 |    11 |    47 ||    73
 Cast: Apportation       |       |       |       |       |       |       |       |     1 |       ||     1
  Use: Scroll            |       |       |       |       |       |       |       |       |     1 ||     1
 Stab: Distracted        |       |       |       |       |       |       |       |       |     1 ||     1
